 Dungeon Crawl Stone Soup version 0.17-a0-1446-gc28613e (webtiles) character file.

76 patman the Slasher (level 4, -3/36 HPs)
             Began as a Draconian Wanderer on June 28, 2015.
             Killed by nerve-wracking pain
             ... invoked by a shadow imp
             ... summoned by Natasha
              (12 damage)
             ... on level 3 of the Dungeon.
             The game lasted 00:04:13 (1924 turns).

patman the Slasher (Draconian Wanderer)             Turns: 1924, Time: 00:04:13

Health: -3/36      AC:  5    Str: 13    XL:     4   Next: 12%
Magic:  5/5        EV: 11    Int: 12    God:
Gold:   62         SH:  0    Dex: 13    Spells: 1 memorised, 4 levels left

rFire  . . .     SeeInvis .     c - +0 falchion
rCold  . . .     Clarity  .     (armour unavailable)
rNeg   . . .     SustAt   .     (no shield)
rPois  .         Gourm    .     (helmet restricted)
rElec  .         Spirit   .     (no cloak)
rCorr  .         Warding  .     (no gloves)
rMut   .         Stasis   .     (no boots)
MR     .....                    (no amulet)
Stlth  ++........               (no ring)
                                (no ring)

@: not resistant to hostile enchantments, unstealthy
A: unfitting armour, cold-blooded, AC +5
a: no special abilities


You were on level 3 of the Dungeon.
You were not hungry.

You visited 1 branch of the dungeon, and saw 3 of its levels.

You collected 62 gold pieces.

Inventory:

Hand weapons
 c - a +0 falchion (weapon)
 d - a +0 dagger
Armour
 l - a +0 shield
Scrolls
 g - a scroll of recharging {unknown}
 j - a scroll of immolation {unknown}
 o - a scroll of amnesia {unknown}
Potions
 b - a potion of curing
 h - a potion of lignification {unknown}
 k - a potion of invisibility {unknown}
Books
 a - a book of Necromancy

   Spells                             Type                      Level
   a - Pain                           Necromancy                   1
   b - Animate Skeleton               Necromancy                   1
   c - Vampiric Draining              Necromancy                   3
   d - Regeneration                   Charms/Necromancy            3
   e - Animate Dead                   Necromancy                   4
   f - Control Undead                 Necromancy                   4
Comestibles
 e - a bread ration
 i - a slice of pizza
 m - a meat ration
 n - 3 fruits


   Skills:
 - Level 2.1 Fighting
 + Level 5.0 Long Blades
 - Level 1.7 Stealth
 - Level 1.0 Spellcasting
 - Level 2.0 Necromancy


You had 4 spell levels left.
You knew the following spells:

 Your Spells              Type           Power        Failure   Level  Hunger
s - Animate Skeleton      Necr           N/A          14%         1    ##.....


Dungeon Overview and Level Annotations

Branches:
Dungeon (3/15)

Altars:
Makhleb
Xom

Annotations:
D:3 Natasha


Innate Abilities, Weirdness & Mutations

Your plain brown scales are hard (AC +5).
Your body does not fit into most forms of armour.
You are cold-blooded and may be slowed by cold attacks.


Message History

You hit the adder but do no damage.
Your tail-slap misses the adder.
The adder is moderately wounded.
The adder barely misses you. The hobgoblin barely misses you.
Unknown command.
You closely miss the adder.
The adder is moderately wounded.
The adder bites you but does no damage.
Natasha casts a spell.
The hobgoblin barely misses you.
Unknown command.
The hobgoblin hits you but does no damage.
The adder bites you but does no damage.
An ooze comes into view.
The hobgoblin barely misses you.
The white imp shouts, "Away with thee, thou frothy weeb-spouting strumpet!"
Natasha mumbles some strange words.
You see here 3 large rocks.
The shadow imp gestures at you. Pain shoots through your body!
You die...

#### ### . #...
..#.# #.#.###.#.
####........
#...$....#J#
#.#........#
#....).....#####
#[....5S@....#
##....hg.....#
##..........#
##5#..........
###.#5..)...##.
#.............
###(.....####.##.
#........####.#
###
#.#...........


You could see Natasha, an ooze, an adder, a white imp, 2 shadow imps and a
hobgoblin.

Vanquished Creatures
  Natasha (twice) (D:3)
  An ooze (D:1)
  A worm (D:3)
  3 giant geckos (D:1)
  2 orcs (D:3)
  2 giant cockroaches (D:1)
  3 goblins
  3 hobgoblins
  2 quokkas (D:3)
  2 bats (D:1)
  3 giant newts (D:1)
  3 jackals (D:1)
  3 kobolds (D:1)
  3 rats
33 creatures vanquished.

Vanquished Creatures (collateral kills)
  A hobgoblin (D:1)
1 creature vanquished.

Grand Total: 34 creatures vanquished

Notes
Turn   | Place    | Note
--------------------------------------------------------------
     0 | D:1      | patman the Draconian Wanderer began the quest for the Orb.
     0 | D:1      | patman set off with: a book of Necromancy, a potion of curing, a +0 falchion, a +0 dagger, a bread ration
     0 | D:1      | Reached XP level 1. HP: 17/17 MP: 2/2
     2 | D:1      | Learned a level 1 spell: Animate Skeleton
   620 | D:1      | Reached XP level 2. HP: 24/24 MP: 3/3
  1017 | D:1      | Reached skill level 4 in Long Blades
  1143 | D:1      | Reached XP level 3. HP: 18/29 MP: 4/4
  1293 | D:2      | Found a burning altar of Makhleb.
  1293 | D:2      | Found a shimmering altar of Xom.
  1698 | D:3      | Noticed Natasha
  1704 | D:3      | Killed Natasha
  1738 | D:3      | Noticed Natasha
  1744 | D:3      | Killed Natasha
  1744 | D:3      | Reached skill level 5 in Long Blades
  1744 | D:3      | Reached XP level 4. HP: 24/36 MP: 5/5
  1904 | D:3      | Noticed Natasha
  1924 | D:3      | Killed from afar by a shadow imp

Vault maps used:
D:1:      sevenhm_arrival_forest_fort_large_2
D:2:      nicolae_overflow_hidden_temple
D:3:      uniq_natasha

Action                   |  1- 3 |  4- 6 || total
-------------------------+-------+-------++-------
Melee: Falchion          |   105 |    12 ||   117
       Unarmed           |     5 |       ||     5
 Cast: Animate Skeleton  |    10 |       ||    10
  Use: Scroll            |     3 |       ||     3
 Stab: Sleeping          |     7 |       ||     7
       Distracted        |     1 |       ||     1
  Eat: Chunk             |     2 |       ||     2
       Bread ration      |     1 |       ||     1
